 Dungeon Crawl Stone Soup version 0.32-a0-12-g7fc57aa (webtiles) character file.

Game seed: 4826828731263230034

48367 dontsmiteme the Ripper (level 14, -16/75 HPs)
             Began as a Felid Berserker on Jan 14, 2024.
             Was a High Priest of Trog.
             Demolished by a death yak (18 damage)
             ... on level 5 of the Lair of Beasts.
             The game lasted 00:19:23 (16283 turns).

dontsmiteme the Ripper (Felid Berserker)           Turns: 16283, Time: 00:19:23

Health: -16/75     AC:  3    Str: 17    XL:     14   Next: 12%
Magic:  15/15      EV: 30    Int: 12    God:    Trog [*****.]
Gold:   703        SH:  5    Dex: 16    Spells: 13/13 levels left
                                        Lives:  0   Deaths: 5

rFire   . .          .
                       - Unarmed
rCold   + . .        (shield unavailable)
rNeg    . . .        (body armour unavailable)
rPois   +            (helmet unavailable)
rElec   .            (cloak unavailable)
rCorr   .            (gloves unavailable)
SInv    +            (boots unavailable)
Will    ++...        j - amulet of reflection
Stlth   ++++         l - ring of poison resistance
HPRegen 0.32/turn    y - +5 ring of evasion
MPRegen 0.14/turn

%: reflection
@: blade hands
A: very small, (claws 1), fangs 3, see invisible, shaggy fur 3, (stealthy paws),
no weapons or thrown items, no armour, multi-lived
a: Begin Untransformation, Renounce Religion, Berserk, Trog's Hand, Brothers in
Arms


You were on level 5 of the Lair of Beasts.
You worshipped Trog.
Trog was extremely pleased with you.
You had blades for front paws.
You visited 2 branches of the dungeon, and saw 16 of its levels.

You collected 1034 gold pieces.
You spent 331 gold pieces at shops.

Inventory:

Jewellery
 j - an amulet of reflection (around neck)
 l - a ring of poison resistance (left blade hand)
 x - an amulet of regeneration
 y - a +5 ring of evasion (right blade hand)
 B - a ring of positive energy
 H - a +6 ring of dexterity
 K - a ring of willpower
Talismans
 d - a blade talisman (active)
 A - a beast talisman
Wands
 e - a wand of polymorph (18)
 k - a wand of flame (29)
 p - a wand of charming (10)
 z - a wand of digging (6)
 F - a wand of iceblast (13)
 G - a wand of mindburst (10)
 J - a wand of quicksilver (3)
Scrolls
 c - 5 scrolls of noise
 h - 3 scrolls of revelation
 o - 4 scrolls of identify
 q - 2 scrolls of fog
 s - 4 scrolls of fear
 D - 2 scrolls of vulnerability
 I - a scroll of blinking
Potions
 a - 4 potions of heal wounds
 b - 8 potions of curing
 g - 5 potions of brilliance
 i - a potion of ambrosia {unknown}
 m - 2 potions of mutation
 n - 2 potions of might
 r - 3 potions of enlightenment {unknown}
 t - a potion of haste
 u - 2 potions of lignification {unknown}
 v - a potion of cancellation {unknown}
 w - 2 potions of resistance
 C - a potion of degeneration {unknown}
 E - 2 potions of invisibility {unknown}


   Skills:
 - Level 9.1 Fighting
 + Level 13.1 Dodging
 - Level 7.0 Stealth
 + Level 16.5 Unarmed Combat
 - Level 11.0 Shapeshifting


You had 13 spell levels left.
You didn't know any spells.
Your spell library was empty.

Dungeon Overview and Level Annotations

Branches:
Dungeon (11/15)            Temple (0/1) D:5            Lair (5/5) D:10
 Shoals (0/4) Lair:3       Spider (0/4) Lair:3        Slime (0/5) Lair:5
    Orc: D:9-12

Altars:
Ashenzari
Cheibriados
Dithmenos
Gozag
Hepliaklqana
Kikubaaqudgha
Okawaru
Ru
Trog
Wu Jian
Lugonu

Shops:
D:1 !   D:4 ?   D:6 **!   D:8 *

Portals:
Abyss: Lair:5

Annotations:
D:3 1 runed translucent door, ironshield's ghost, amateur HOFi
D:9 2 transporters, exclusion: oklob plant, Dega's ghost, novice VSFi


Innate Abilities, Weirdness & Mutations

You have blades for front paws.
((You have sharp claws.))
You have razor-sharp teeth.
You have supernaturally acute eyesight. (SInv)
Your thick and shaggy fur keeps you warm. (AC +3, rC+)
((Your paws help you pounce on unaware monsters.))
You are incapable of wielding weapons or throwing items.
You cannot wear armour.
You gain extra lives every three experience levels.


Message History

The death yak gores you!
You are too injured to fight recklessly!
You are too injured to fight recklessly!
You are too injured to fight recklessly!
You are too injured to fight recklessly!
You are too injured to fight recklessly!
You are too injured to fight recklessly!
You are too injured to fight recklessly!
You are too injured to fight recklessly!
You are too injured to fight recklessly!
You are too injured to fight recklessly!
You are too injured to fight recklessly!
You are too injured to fight recklessly!
You are too injured to fight recklessly!
You are too injured to fight recklessly!
You are too injured to fight recklessly!
You are too injured to fight recklessly!
You are too injured to fight recklessly!
You are too injured to fight recklessly!
Unknown command.
You slice the death yak!! Your slash misses the death yak.
You bite the death yak.
The death yak is moderately wounded.
You block the death yak's attack.
You completely miss the death yak.
You bite the death yak, but do no damage.
The death yak is moderately wounded.
The death yak barely misses you. The death yak gores you!!
* * * LOW HITPOINT WARNING * * *
You slash the death yak!
The death yak is heavily wounded.
You block the death yak's attack. The death yak gores you.
* * * LOW HITPOINT WARNING * * *
You slice the death yak!! You bite the death yak.
The death yak is almost dead.
You slash the death yak!
You kill the death yak!
Trog accepts your kill. The death yak gores you!!
You die...

..##.## ..........P..
###..#..# ........P.....
#.......### #.............
..........## #............
#..........# #........P..
...........## #.P........
P...........## ##......#.P.
#............###....#.###..
#.........@Y.#.#.....## #..
.........††.##......## ###
...................## #.
#...............#### ##
#...............# #
.............#### #
............# #
.........### # ........## #


You could see a death yak.

Vanquished Creatures
  Rupert (Lair:4)
  Nessos (Lair:5)
  A hydra (Lair:5)
  A catoblepas (Lair:4)
  A boulder beetle (Lair:2)
  A two-headed ogre (D:10)
  8 death yaks
  A centaur warrior (D:8)
  2 thrashing horrors (Lair:5)
  Nergalle (Lair:1)
  Pikel (D:8)
  2 ugly things (Lair:5)
  A cyclops (D:8)
  7 elephants
  A merfolk siren (Lair:3)
  A torpor snail (Lair:5)
  A black mamba (Lair:5)
  10 cane toads
  A smoke demon (Lair:5)
  A kobold demonologist (D:7)
  12 komodo dragons
  5 rime drakes
  Grinder (D:4)
  5 polar bears
  2 dream sheep (Lair:5)
  32 blink frogs
  A jumping spider (Lair:3)
  A yak (shapeshifter) (Lair:5)
  A wraith (D:10)
  A fire bat (shapeshifter) (Lair:5)
  48 yaks
  4 wyverns
  A spriggan (Lair:5)
  4 basilisks
  3 redbacks (Lair:3)
  Eustachio (D:4)
  2 steam dragons (D:9)
  Edmund (D:6)
  A chaos spawn (Lair:5)
  3 small abominations (Lair:5)
  An acid dragon (D:10)
  9 water moccasins
  A black bear (D:6)
  4 orc warriors
  2 sky beasts (D:7)
  3 ice beasts
  13 wolves
  A centaur (D:8)
  3 ogres
  Blork the orc (D:4)
  A phantom (D:7)
  2 kobold brigands
  A gnoll sergeant (D:9)
  7 bullfrogs
  2 scorpions (D:4)
  10 wights
  A jelly (D:5)
  5 howler monkeys
  Crazy Yiuf (D:4)
  3 bombardier beetles
  4 hounds
  8 orc priests
  A gnoll bouda (D:6)
  3 iguanas
  8 orc wizards
  7 hell rats (Lair:2)
  Terence (D:2)
  Robin (D:4)
  10 gnolls
  7 adders
  A shadow imp (D:6)
  A white imp (D:6)
  3 ribbon worms
  5 dart slugs
  27 orcs
  4 ball pythons
  6 endoplasms
  5 giant cockroaches
  16 goblins
  15 hobgoblins
  7 jackals
  17 kobolds
  A quokka (D:3)
  2 bats (D:1)
  2 frilled lizards
  3 rats (D:1)
409 creatures vanquished.

Vanquished Creatures (collateral kills)
  2 death yaks (Lair:2)
2 creatures vanquished.

Grand Total: 411 creatures vanquished

Notes
Turn   | Place    | Note
-------+----------+-------------------------------------------
     0 | D:1      | dontsmiteme the Felid Berserker began the quest for the
                  | Orb.
     0 | D:1      | Reached XP level 1. HP: 12/12 MP: 2/2
    95 | D:1      | Reached skill level 1 in Stealth
   214 | D:1      | Reached XP level 2. HP: 16/16 MP: 3/3
   601 | D:1      | Found a faded altar of an unknown god.
   762 | D:1      | Found Fioch's Distillery.
   809 | D:1      | Bought a potion of curing for 36 gold pieces
   883 | D:1      | Reached XP level 3. HP: 20/20 MP: 4/4
  1050 | D:2      | Reached ** piety under Trog
  1284 | D:2      | Reached skill level 4 in Unarmed Combat
  1470 | D:2      | Reached XP level 4. HP: 21/24 MP: 5/5
  1470 | D:2      | Gained a life (2 lives remaining)
  1622 | D:2      | Noticed Terence
  1629 | D:2      | Killed Terence
  2216 | D:3      | Reached XP level 5. HP: 19/28 MP: 6/6
  2290 | D:3      | Found a runed translucent door.
  2292 | D:3      | Noticed ironshield's ghost (amateur HOFi)
  2389 | D:3      | Found an ornate altar of the Wu Jian Council.
  2389 | D:3      | Found a hazy altar of Hepliaklqana.
  2516 | D:3      | Reached skill level 5 in Stealth
  2786 | D:4      | Noticed Grinder
  3021 | D:4      | Noticed Eustachio
  3122 | D:4      | Killed Eustachio
  3123 | D:4      | Reached skill level 5 in Unarmed Combat
  3123 | D:4      | Gained mutation: You are covered in thick fur. (AC +2)
                  | [Felid growth]
  3123 | D:4      | Reached XP level 6. HP: 24/32 MP: 7/7
  3222 | D:4      | Killed Grinder
  3223 | D:4      | Reached skill level 6 in Unarmed Combat
  3223 | D:4      | Reached XP level 7. HP: 33/36 MP: 8/8
  3272 | D:4      | Found a runed translucent door.
  3273 | D:4      | Noticed Crazy Yiuf
  3361 | D:4      | Noticed Blork the orc
  3368 | D:4      | Killed Blork the orc
  3368 | D:4      | Reached *** piety under Trog
  3452 | D:4      | Noticed Robin
  3488 | D:4      | Killed Robin
  3582 | D:4      | Found Qufuvota's Magic Scroll Emporium.
  3601 | D:4      | Bought a scroll of teleportation for 30 gold pieces
  3601 | D:4      | Bought a scroll of fog for 40 gold pieces
  3635 | D:4      | Reached skill level 5 in Dodging
  3916 | D:4      | Reached skill level 7 in Unarmed Combat
  4067 | D:4      | Killed Crazy Yiuf
  4123 | D:5      | Entered Level 5 of the Dungeon
  4335 | D:5      | Slain by an ice beast
  4335 | D:5      | Lost a life (1 life remaining)
  4675 | D:5      | Reached XP level 8. HP: 40/40 MP: 9/9
  4675 | D:5      | Gained a life (2 lives remaining)
  4846 | D:5      | Found a staircase to the Ecumenical Temple.
  4972 | D:5      | Reached skill level 8 in Unarmed Combat
  5324 | D:6      | Found a broken altar of Ashenzari.
  5382 | D:6      | Noticed Edmund
  5443 | D:6      | Found Pychibrie's Assorted Antiques.
  5703 | D:6      | Reached **** piety under Trog
  5744 | D:6      | Found Nanidot's Assorted Antiques.
  5758 | D:6      | Reached skill level 9 in Unarmed Combat
  5797 | D:6      | Bought a scroll labelled DYGOODY ZIFIA for 26 gold pieces
  5797 | D:6      | Bought a fuming green potion for 23 gold pieces
  5797 | D:6      | Bought a scroll labelled CIYVOERIQEL for 26 gold pieces
  5797 | D:6      | Bought a scroll of teleportation for 78 gold pieces
  5804 | D:6      | Bought 2 clear potions for 48 gold pieces
  5804 | D:6      | Bought a coppery potion for 24 gold pieces
  5901 | D:6      | Killed Edmund
  5902 | D:6      | Reached XP level 9. HP: 44/44 MP: 10/10
  6141 | D:6      | Found Hyasyoff's Distillery.
  6320 | D:6      | Identified the +6 quarterstaff of the Vestibule of Hell
                  | {spect, *Corrode Dex+3 Stlth+}
  6332 | D:6      | Found a sacrificial altar of Ru.
  6510 | D:7      | Noticed a kobold demonologist
  6519 | D:7      | Killed a kobold demonologist
  6535 | D:7      | Reached skill level 5 in Fighting
  6535 | D:7      | Reached skill level 10 in Unarmed Combat
  6860 | D:7      | Found an ancient bone altar of Kikubaaqudgha.
  7231 | D:8      | Noticed a centaur warrior
  7235 | D:8      | Killed a centaur warrior
  7236 | D:8      | Reached skill level 11 in Unarmed Combat
  7236 | D:8      | Reached XP level 10. HP: 53/53 MP: 11/11
  7241 | D:8      | Noticed a cyclops
  7245 | D:8      | Killed a cyclops
  7308 | D:8      | Found an iron altar of Okawaru.
  7354 | D:8      | Found Bifauwk's General Store.
  7409 | D:8      | Found a snail-covered altar of Cheibriados.
  7542 | D:8      | Noticed Pikel
  7553 | D:8      | Killed Pikel
  7708 | D:8      | You fall into a shaft and drop 3 floors!
  7861 | D:10     | Entered Level 10 of the Dungeon
  7878 | D:10     | Found a shadowy altar of Dithmenos.
  8046 | D:9      | Reached skill level 12 in Unarmed Combat
  8105 | D:9      | Found an opulent altar of Gozag.
  8211 | D:9      | Found a transporter.
  8214 | D:9      | Noticed an oklob plant
  8356 | D:8      | Found a bloodstained altar of Trog.
  8662 | D:9      | Found a transporter.
  8666 | D:9      | Noticed Dega's ghost (novice VSFi)
  8667 | D:9      | Noticed a two-headed ogre
  8713 | D:9      | Noticed a skeletal warrior
  8937 | D:10     | Found a staircase to the Lair.
  9065 | D:10     | Noticed a two-headed ogre
  9075 | D:10     | Killed a two-headed ogre
  9314 | D:10     | Reached skill level 1 in Shapeshifting
  9618 | Lair:1   | Entered Level 1 of the Lair of Beasts
  9640 | Lair:1   | Reached XP level 11. HP: 54/62 MP: 12/12
  9735 | Lair:1   | Reached skill level 13 in Unarmed Combat
 10290 | Lair:1   | Noticed Nergalle
 10300 | Lair:1   | Killed Nergalle
 10304 | Lair:1   | Reached skill level 5 in Shapeshifting
 10606 | Lair:1   | Reached skill level 14 in Unarmed Combat
 11276 | Lair:2   | Gained mutation: Your thick and shaggy fur keeps you warm.
                  | (AC +3, rC+) [Felid growth]
 11276 | Lair:2   | Reached XP level 12. HP: 66/66 MP: 13/13
 11539 | Lair:2   | Noticed a boulder beetle
 11539 | Lair:2   | Noticed a death yak
 11568 | Lair:2   | Killed a boulder beetle
 11607 | Lair:2   | Killed a death yak
 11608 | Lair:2   | Reached skill level 15 in Unarmed Combat
 12020 | Lair:2   | Noticed a death yak
 12023 | Lair:2   | Reached ***** piety under Trog
 12034 | Lair:2   | HP: 2/63 [komodo dragon (24)]
 12034 | Lair:2   | Demolished by a death yak
 12034 | Lair:2   | Lost a life (1 life remaining)
 12089 | Lair:2   | Noticed a death yak
 12089 | Lair:2   | Noticed a death yak
 12100 | Lair:2   | Killed a death yak
 12107 | Lair:2   | Killed a death yak
 12111 | Lair:2   | Killed a death yak
 12578 | Lair:3   | Found a staircase to the Shoals.
 12841 | Lair:3   | Found a hole to the Spider Nest.
 13374 | Lair:4   | Noticed Rupert
 13380 | Lair:4   | Paralysed by Rupert for 4 turns
 13385 | Lair:4   | Slain by Rupert
 13385 | Lair:4   | Lost a life (0 lives remaining)
 13404 | Lair:4   | Reached skill level 10 in Shapeshifting
 13412 | Lair:4   | Reached XP level 13. HP: 52/70 MP: 14/14
 13412 | Lair:4   | Gained a life (1 life remaining)
 14055 | Lair:4   | Killed Rupert
 14056 | Lair:4   | Reached skill level 10 in Dodging
 14905 | Lair:5   | Entered Level 5 of the Lair of Beasts
 14990 | Lair:5   | Noticed Nessos
 15012 | Lair:5   | Killed Nessos
 15255 | Lair:5   | Found a dark tunnel.
 15505 | Lair:5   | Found a staircase to the Slime Pits.
 15511 | Lair:5   | Reached skill level 16 in Unarmed Combat
 16213 | Lair:5   | Reached XP level 14. HP: 75/75 MP: 15/15
 16213 | Lair:5   | Gained a life (2 lives remaining)
 16233 | Lair:5   | Slain by a small abomination
 16233 | Lair:5   | Lost a life (1 life remaining)
 16245 | Lair:5   | Found a corrupted altar of Lugonu.
 16245 | Lair:5   | Found a one-way gate to the infinite horrors of the Abyss.
 16272 | Lair:5   | HP: 1/75 [smoke demon/divine providence (9)]
 16272 | Lair:5   | Demolished by a small abomination
 16272 | Lair:5   | Lost a life (0 lives remaining)
 16280 | Lair:5   | HP: 3/75 [death yak (28)]
 16281 | Lair:5   | HP: 1/75 [death yak (2)]
 16283 | Lair:5   | Demolished by a death yak

Illustrated notes

Levels and vault maps discovered:
D:1:      dpeg_arrival_rooms_a, layout_basic, ebering_ecumenical_altar_rust,
          serial_shops, shop, nicolae_concentric_dashed_squares_mild
D:2:      layout_loops_ring, serial_forest, infiniplex_forest_clump_double,
          infiniplex_forest_straight_1, infiniplex_forest_end_3,
          infiniplex_forest_clump_tiny, infiniplex_forest_end_3, uniq_terence
D:3:      layout_rooms, gammafunk_temple_overflow_wave, ebering_ghost_sewer_d,
          grunt_ministairs_7
D:4:      layout_cave_pods, serial_shops, shop_scrolls, uniq_eustachio,
          uniq_crazy_yiuf_cottage, uniq_grinder, uniq_robin, uniq_blork_the_orc
D:5:      layout_loops_corners, minmay_temple_entry_offerings,
          kennysheep_minor_cross
D:6:      layout_cave_pods, mainiacjoe_overflow_brackets,
          cheibrodos_ashenzari_chains, serial_shops, shop,
          nicolae_shop_just_a_little_nook, nicolae_shop_tiny_real_fake_doors,
          uniq_edmund
D:7:      cheibrodos_barr_body, layout_rooms, kiku_gazebo_garden_becter
D:8:      layout_gridville, okawaru_gym_becter, chei_slow_surprise,
          mainiacjoe_overflow_24_doors, serial_shops,
          nicolae_shop_temple_entry_statues_fountains, minmay_three_doors,
          uniq_pikel
D:9:      layout_rooms, nicolae_gozag_seed_capital, serial_glass,
          glass_columns_a, glass_columns_a, glass_columns_b, glass_columns_c,
          nzn_ghost_randoct
D:10:     layout_small_grid, mainiacjoe_overflow_chevrons, lair_entry_dummy
D:11:     layout_gridville
Lair:1:   layout_small_grid, st_stairs_4, grunt_megastairs_1, uniq_nergalle
Lair:2:   layout_long_grid, hangedman_lair_generics_rect, serial_bayou_shore_b
Lair:3:   layout_loops_ring, elwin_shoals_entry_rooms, spider_nest_entry_a
Lair:4:   layout_long_grid, beast_lair_carwin_4, uniq_rupert
Lair:5:   hellmonk_lair_end_abyssal_woods, layout_cave_pods, slime_entry_1,
          nicolae_volcano_entry_lava_flow, chequers_serial_rivers_micro_b,
          serial_bayou_shore_b, uniq_nessos

Skill      XL: |  1  2  3  4  5  6  7  8  9 10 11 12 13 14 |
---------------+-------------------------------------------+-----
Stealth        | 1 2 3 4 6 7 |  7.0
Unarmed Combat | 4 5 6 7 9 11 12 14 15 16 | 16.5
Dodging        | 6 9 12 13 | 13.1
Fighting       | 6 9 |  9.1
Shapeshifting  | 1 6 10 11 | 11.0

Action                     |  1- 3 |  4- 6 |  7- 9 | 10-12 | 13-15 || total
---------------------------+-------+-------+-------+-------+-------++-------
  Melee: Unarmed           |    86 |   186 |   307 |   534 |   286 ||  1399
         Bite              |     7 |    32 |    40 |    67 |    44 ||   190
         Punch             |     1 |     7 |    23 |    45 |    29 ||   105
 Invoke: Berserk           |     2 |     3 |    12 |    13 |     9 ||    39
         Trog's Hand       |       |       |     1 |     4 |       ||     5
         Brothers in Arms  |       |       |       |     1 |       ||     1
    Use: Scroll            |       |     6 |     7 |     9 |     4 ||    26
         Potion            |       |       |       |     1 |     1 ||     2
   Stab: Sleeping          |     8 |     7 |     8 |    19 |       ||    42
         Distracted        |       |       |       |     1 |       ||     1
         Paralysed         |       |       |       |       |     1 ||     1
 Armour: Skin              |    25 |    41 |    69 |   110 |    72 ||   317
  Dodge: Dodged            |    62 |    93 |   199 |   345 |   245 ||   944
  Block: Other             |       |    16 |    49 |    79 |    57 ||   201
         Reflection        |       |       |     1 |     1 |       ||     2
   Form: Blade             |       |       |       |     1 |       ||     1

Table legend: (Time is in decaauts)
 A = Elapsed time spent in this place.
 B = Non-inter-level travel time spent in this place.
 C = Inter-level travel time spent in this place.
 D = Time resting spent in this place.
 E = Time spent auto-exploring this place.
 F = Levels seen in this place.
 G = Mean time per level.
                   A        B        C        D        E       F      G
               +--------+--------+--------+--------+--------+-----+--------+
         Total |  16375 |  15715 |    660 |   1829 |  11290 |  16 | 1023.4 |
       Dungeon |   9754 |   9278 |    476 |    736 |   7048 |  11 |  886.7 |
          Lair |   6621 |   6438 |    183 |   1092 |   4242 |   5 | 1324.2 |
               +--------+--------+--------+--------+--------+-----+--------+

Top non-repeatable levels by time:
  Lair:1: 1601 daAuts
  Lair:4: 1571 daAuts
  Lair:5: 1362 daAuts
     D:4: 1271 daAuts
     D:6: 1268 daAuts
     D:5: 1204 daAuts
  Lair:2: 1178 daAuts
     D:2: 1102 daAuts
     D:1: 1043 daAuts
     D:8: 996 daAuts
  Lair:3: 907 daAuts
    D:10: 804 daAuts
     D:3: 758 daAuts
     D:9: 591 daAuts
     D:7: 560 daAuts
